 Dungeon Crawl Stone Soup version 0.28.0-53-g5a82cb258f (webtiles) character file.

Game seed: 12863485264732379273

162567 quokkamancerX the Spry (level 17, -18/100 HPs)
             Began as a Deep Elf Conjurer on June 4, 2022.
             Was a High Priest of Hepliaklqana.
             Blew themself up (105 damage)
             ... with an orb of destruction
             ... on level 4 of the Swamp on June 5, 2022.
             The game lasted 03:06:58 (42028 turns).

quokkamancerX the Spry (Deep Elf Conjurer)         Turns: 42028, Time: 03:06:59

Health: -18/100    AC: 15    Str: 10    XL:     17   Next: 22%
Magic:  31/38      EV: 23    Int: 41    God:    Hepliaklqana [*****.]
Gold:   1769       SH: 11    Dex: 17    Spells: 26/46 levels left

rFire   . . .      SeeInvis +   a - staff of conjuration
rCold   + . .      Faith    .   v - +1 kite shield {reflect}
rNeg    . . .      Spirit   .   y - +2 robe {Archmagi}
rPois   +          Reflect  +   E - +2 helmet {Int+3}
rElec   .          Harm     .   R - +2 cloak {rPois}
rCorr   .          Rampage  .   J - +1 pair of gloves "Reineunt" {Regen+ Str+8}
Will    +....      Archmagi +   g - +2 pair of boots
Stlth   ++........              c - amulet of the acrobat
HPRegen 1.06/turn               O - +6 ring of intelligence
MPRegen 0.26/turn               B - ring of the Howling Jester {Fly rC+ Str-2 Dex+4 SInv}

@: flying
A: reduced essence
a: Renounce Religion, Recall Ancestor, Ancestor Identity, Transference, Idealise


You were on level 4 of the Swamp.
You worshipped Hepliaklqana.
Hepliaklqana was extremely pleased with you.
You visited 5 branches of the dungeon, and saw 28 of its levels.
You also visited: Bailey and Gauntlet.

You collected 2622 gold pieces.
You spent 853 gold pieces at shops.

Inventory:

Hand Weapons
 b - the +1 dagger of Waxaus {flame, rElec MP+9}
   (You found it on level 1 of the Lair of Beasts)

   It burns those it strikes, dealing additional fire damage.
   rElec:     It insulates you from electricity.
   MP:        It affects your magic capacity (+9).
Missiles
 n - 3 throwing nets
 S - 5 curare-tipped darts
Armour
 g - a +2 pair of boots (worn)
 v - a +1 kite shield of reflection (worn)
 y - a +2 robe of the Archmagi (worn)
 E - a +2 helmet of intelligence (worn)
 J - the +1 pair of gloves "Reineunt" (worn) {Regen+ Str+8}
   (You bought it in a shop on level 3 of the Dungeon)

   Str:       It affects your strength (+8).
   Regen:     It increases your rate of health regeneration.
 R - a +2 cloak of poison resistance (worn)
Magical Staves
 a - a staff of conjuration (weapon)
 U - a staff of cold
Jewellery
 c - an amulet of the acrobat (around neck)
 t - a +4 ring of protection
 B - the ring of the Howling Jester (right hand) {Fly rC+ Str-2 Dex+4 SInv}
   (You found it on level 1 of the Lair of Beasts)

   [ring of protection from cold]

   Str:       It affects your strength (-2).
   Dex:       It affects your dexterity (+4).
   rC:        It protects you from cold.
   SInv:      It lets you see invisible.
   Fly:       It grants you flight.
 M - a ring of ice
 O - a +6 ring of intelligence (left hand)
 X - a ring of protection from fire
Wands
 p - a wand of digging (12)
 C - a wand of acid (17)
 F - a wand of flame (33)
 H - a wand of paralysis (32)
 K - a wand of iceblast (10)
 P - a wand of charming (27)
 W - a wand of polymorph (6)
Scrolls
 f - a scroll of magic mapping
 i - a scroll of identify
 l - 5 scrolls of teleportation
 m - 3 scrolls of fog
 o - 3 scrolls of immolation
 r - 7 scrolls of amnesia
 u - 8 scrolls of blinking
 w - a scroll of brand weapon {unknown}
 z - 3 scrolls of vulnerability
 I - a scroll of summoning
 T - a scroll of fear
Potions
 d - 2 potions of cancellation
 e - 11 potions of curing
 h - 2 potions of mutation
 j - 4 potions of lignification
 k - 3 potions of resistance
 q - a potion of ambrosia
 s - 5 potions of attraction
 x - 6 potions of heal wounds
 A - 4 potions of brilliance
 D - 2 potions of magic
 G - 7 potions of haste
Miscellaneous
 N - a phial of floods
 V - a condenser vane


   Skills:
 + Level 14.3 Fighting
 - Level 20.0 Dodging
 - Level 2.4 Stealth
 - Level 6.0 Shields
 - Level 15.0 Spellcasting
 - Level 15.0 Conjurations
 - Level 4.0 Translocations
 - Level 12.0 Invocations
 - Level 9.0 Evocations


You had 26 spell levels left.
You knew the following spells:

 Your Spells              Type           Power      Damage    Failure   Level
a - Apportation           Tloc           100%       N/A       1%          1
b - Orb of Destruction    Conj           74%        9d17      4%          7
c - Iskenderun's Mystic   Conj/Tloc      100%       2d19      1%          4
d - Iskenderun's Battles  Conj           100%       2d15      1%          5
e - Magic Dart            Conj           100%       1d8       0%          1
f - Searing Ray           Conj           100%       2d8       0%          2

Your spell library contained the following spells:

 Spells                   Type           Power      Damage    Failure   Level
 Shock                    Conj/Air       100%       1d9       1%          1
 Dazzling Flash           Conj/Hex       100%       N/A       1%          3
 Stone Arrow              Conj/Erth      100%       3d13      1%          3
 Fulminant Prism          Conj/Hex       59%        3d25      1%          4
 Animate Skeleton         Necr           92%        N/A       2%          1
 Sandblast                Erth           92%        2d19      2%          1
 Slow                     Hex            100%       N/A       2%          1
 Summon Small Mammal      Summ           100%       N/A       2%          1
 Fireball                 Conj/Fire      59%        3d23      3%          5
 Passwall                 Tmut/Erth      38%        N/A       4%          2
 Confusing Touch          Hex            46%        N/A       8%          3
 Swiftness                Air            46%        N/A       8%          3
 Vampiric Draining        Necr           46%        2d9       8%          3
 Conjure Ball Lightning   Conj/Air       59%        3x3d21    19%         6
 Airstrike                Air            23%        N/A       26%         4
 Leda's Liquefaction      Hex/Erth       23%        N/A       26%         4
 Summon Lightning Spire   Summ/Air       46%        N/A       26%         4
 Agony                    Necr           46%        N/A       58%         5
 Lee's Rapid Deconstruct  Erth           23%        3d14*     58%         5
 Silence                  Hex/Air        23%        N/A       58%         5
 Dispersal                Tloc           38%        N/A       61%         6
 Statue Form              Tmut/Erth      30%        N/A       99%         6
 Storm Form               Tmut/Air       23%        N/A       100%        7
 Discord                  Hex            23%        N/A       100%        8
 Disjunction              Tloc           38%        N/A       100%        8
 Maxwell's Capacitive Co  Air            23%        ∞         100%        8


Dungeon Overview and Level Annotations

Branches:
Dungeon (15/15)            Temple (1/1) D:7            Lair (6/6) D:8
  Swamp (4/4) Lair:3       Spider (0/4) Lair:3        Slime (0/5) Lair:6
    Orc (2/2) D:10            Elf (0/3) Orc:2        Vaults (0/5) D:14
 Depths (0/4) D:15         Bailey (visited)         Gauntlet (visited)

Altars:
Cheibriados
Elyvilon
Fedhas
Gozag
Hepliaklqana
Kikubaaqudgha
Makhleb
Nemelex Xobeh
Qazlal
Ru
Sif Muna
Trog
Uskayaw
Vehumet
Wu Jian
Yredelemnul
Zin
The Shining One
Beogh

Shops:
D:3 [   Orc:2 [(!=[

Portals:
Trove: D:15 (give 8 scrolls of fear)

Annotations:
Lair:1 exclusion: ice statue
Swamp:3 1 runed translucent door, Valamore's ghost, adept GrFi


Message History

You feel a strong surge of power!
The orb of destruction hits the swamp drake!!!!
You blow up the swamp drake!
Your magical contamination has completely faded away.
You start resting.
A lindwurm comes into view.
Casting: Orb of Destruction (dangerous; 4% risk of failure)
Confirm with . or Enter, or press ? or * to list all spells.
Aiming: Orb of Destruction (dangerous; 4% risk of failure)
Press: ? - help, Shift-Dir - straight line, f - lindwurm
Aim: a lindwurm You feel a strong surge of power!
The lindwurm breathes flames at you. The blast of flame misses you.
The orb of destruction hits the lindwurm!!!!
You blow up the lindwurm!
You start resting.
Magic restored.
Found a falchion.
Things that are here:
+0 swamp dragon scales; a swamp dragon corpse You now have 1748 gold pieces (gained 17).
Found 18 stones.
You now have 1769 gold pieces (gained 21).
Found an escape hatch in the ceiling.
Casting: Orb of Destruction (dangerous; 4% risk of failure)
Confirm with . or Enter, or press ? or * to list all spells.
Aiming: Orb of Destruction (dangerous; 4% risk of failure)
Press: ? - help, Shift-Dir - straight line, f - swamp worm
Aim: a swamp worm You feel a strong surge of power!
The swamp worm fires a harpoon shot at you.
The harpoon shot hits you!
You are yanked forward by the harpoon shot.
You hit the swamp worm but do no damage.
You blast the swamp worm!
The swamp worm is moderately wounded.
The orb of destruction hits you!!!!
Ouch! That really hurt!
You die...

#♣≈≈≈≈.. ≈
#♣≈≈.≈.≈♣♣♣♣♣♣♣.≈≈≈≈♣♣
##≈≈♣..^...♣..≈≈≈.≈.≈§≈
##.≈.♣..≈≈≈<♣♣.≈≈≈≈..≈≈
.≈≈≈.♣≈♣♣≈.≈≈≈.≈≈≈≈...
≈§.≈≈♣♣♣♣^≈§.≈≈≈.≈.§♣♣
..≈≈≈≈≈≈.≈≈R.≈≈≈....≈♣
♣.♣♣≈≈≈≈♣♣≈.°○≈≈..≈≈≈♣
♣♣♣♣♣..≈♣♣♣♣.≈○☼@≈§≈.♣
♣♣♣♣♣ ♣♣.≈≈≈w≈≈≈♣
♣♣♣....♣♣♣ ♣<≈≈≈♣
♣≈§≈.♣ ♣♣♣♣♣♣


You could see the friendly Lydia the knight and a swamp worm (ally target).

Vanquished Creatures
  Roxanne (Swamp:3)
  A fenstrider witch (Swamp:2)
  An orc warlord (Orc:1)
  3 ghouls (Swamp:3)
  4 eleionomae
  3 bunyips
  Azrael (D:12)
  A minotaur (Gauntlet)
  Snorg (Lair:4)
  A shambling mangrove (Swamp:1)
  A great orb of eyes (D:15)
  3 vault guards (D:14)
  Erolcha (Orc:2)
  3 ghost crabs
  21 hydras
  2 ogre magi (Orc:2)
  3 two-headed ogres
  8 alligators
  A boulder beetle (D:11)
  8 death yaks
  2 centaur warriors
  Sonja (Orc:2)
  7 goliath frogs
  A sixfirhy (Gauntlet)
  4 skeletal warriors (D:12)
  4 spriggan druids
  5 lindwurms
  7 bog bodies
  8 swamp dragons
  2 orc knights
  A deep elf pyromancer (D:15)
  4 will-o-the-wisps (Swamp:3)
  7 orc sorcerers (Orc:2)
  4 cyclopes
  6 ugly things
  2 manticores (D:12)
  Maurice (Orc:1)
  2 black mambas
  6 elephants
  15 cane toads
  Maggie (D:6)
  A kobold demonologist (D:12)
  6 spectral spriggans (Swamp:3)
  A rime drake (Lair:1)
  3 freezing wraiths
  7 komodo dragons
  A bloated husk (Swamp:3)
  An anaconda simulacrum (Lair:1)
  An ice devil (Lair:1)
  3 trolls (Orc:2)
  7 tyrant leeches
  A polar bear (shapeshifter) (D:15)
  5 hornets
  A raiju (Lair:6)
  7 slime creatures
  10 polar bears
  Sigmund (D:5)
  2 meliai zombies (D:11)
  A jumping spider (Lair:3)
  A culicivora (Lair:3)
  8 spriggans
  A shadow (D:11)
  A vampire (D:12)
  3 wraiths
  29 yaks
  4 wyverns
  7 humans (D:14)
  5 vampire mosquitoes
  A steam dragon (Bailey)
  3 redbacks (Lair:3)
  7 wargs
  6 swamp worms
  2 acid dragons
  19 water moccasins
  8 hell hounds (Lair:6)
  9 black bears
  An ice beast (D:7)
  11 orc warriors
  13 ogres
  8 swamp drakes
  A sky beast (D:6)
  4 centaurs
  2 small abominations (Gauntlet)
  15 wolves
  A phantom (D:6)
  A kobold brigand (D:9)
  2 two-headed ogre simulacra (Lair:1)
  10 bullfrogs
  2 gnoll sergeants
  2 water moccasin skeletons (D:4)
  5 killer bees
  5 wights
  4 electric eels
  A lava snake (D:15)
  6 centaur zombies
  5 hounds
  8 orc priests
  2 gnoll shamans
  A scorpion zombie (D:5)
  Jessica (D:2)
  3 iguanas
  Terence (D:2)
  15 orc wizards
  10 hell rats
  2 spriggan simulacra (Lair:1)
  A hound zombie (D:5)
  17 gnolls
  2 adders
  4 ufetubi
  An adder skeleton (D:5)
  2 worms
  2 dart slugs
  77 orcs
  7 ball pythons
  3 giant cockroaches
  13 goblins
  3 hobgoblins
  3 jackals (D:4)
  21 kobolds
  A quokka (D:2)
  A bat (D:2)
  2 frilled lizards
  6 rats
639 creatures vanquished.

Vanquished Creatures (collateral kills)
  Saint Roka (Orc:2)
  The ghost of math4jedi the Hill Orc Cataclysm, a journeyman HOFi of Qazlal (Orc:1)
  A bunyip (Swamp:2)
  2 eleionomae (Swamp:1)
  9 hydras
  An ogre mage (Orc:2)
  A centaur warrior (D:13)
  2 alligators
  7 death yaks
  A thrashing horror (Gauntlet)
  A sixfirhy (Gauntlet)
  A skeletal warrior (D:12)
  A swamp dragon (Swamp:4)
  2 bog bodies
  An orc knight (D:15)
  A wizard (D:14)
  An ugly thing (D:15)
  2 cyclopes
  An orc sorcerer (Orc:1)
  A manticore (D:14)
  2 elephants (Lair:6)
  2 spectral spriggans (Swamp:3)
  A black mamba (Lair:5)
  A black mamba (shapeshifter) (D:13)
  4 cane toads
  Joseph (D:7)
  A torpor snail (Lair:2)
  3 komodo dragons
  2 freezing wraiths
  2 ice devils (Lair:1)
  2 rime drakes
  6 trolls
  3 tyrant leeches
  2 polar bears
  A hornet (Swamp:1)
  5 slime creatures
  A dream sheep (Lair:3)
  A meliai zombie (D:11)
  17 yaks
  6 spriggans
  6 fire elementals
  A basilisk (D:9)
  A human (D:14)
  A vampire mosquito (Lair:3)
  A steam dragon (D:8)
  2 swamp worms
  A warg (shapeshifter) (D:15)
  A water moccasin (Lair:3)
  A warg (Orc:2)
  8 hell hounds
  A small abomination (Gauntlet)
  8 orc warriors
  2 swamp drakes
  4 black bears
  A tengu (shapeshifter) (D:12)
  3 wolves
  2 ogres
  3 centaurs
  A kobold brigand (D:9)
  A bullfrog (D:8)
  9 killer bees
  2 elephant simulacra (Lair:1)
  3 wights
  A howler monkey (D:9)
  7 centaur zombies
  2 hounds (D:8)
  A centaur skeleton (D:6)
  4 orc priests
  An iguana (D:7)
  20 orc wizards
  A spriggan simulacrum (Lair:1)
  6 gnolls
  A howler monkey skeleton (D:6)
  An ufetubus (Gauntlet)
  28 orcs
237 creatures vanquished.

Vanquished Creatures (others)
  A vault guard (D:14)
  3 bloated husks
  2 orc warriors
  A wolf (Lair:6)
  20 knights
  3 ancestors
  An orc (D:8)
  15 foxfires
  39 fungi
  72 plants
157 creatures vanquished.

Grand Total: 1033 creatures vanquished

Notes
Turn   | Place    | Note
-------+----------+-------------------------------------------
     0 | D:1      | quokkamancerX the Deep Elf Conjurer began the quest for the
                  | Orb.
     0 | D:1      | Reached XP level 1. HP: 10/10 MP: 6/6
   108 | D:1      | Found a faded altar of an unknown god.
   414 | D:1      | Reached XP level 2. HP: 15/15 MP: 5/8
   789 | D:2      | Noticed Jessica
   795 | D:2      | Killed Jessica
   796 | D:2      | Reached skill level 5 in Conjurations
   796 | D:2      | Reached XP level 3. HP: 19/19 MP: 4/10
   867 | D:2      | Noticed Terence
  1102 | D:2      | Learned a level 2 spell: Searing Ray
  1211 | D:2      | Killed Terence
  1401 | D:2      | Reached XP level 4. HP: 24/24 MP: 8/12
  1933 | D:3      | Reached skill level 5 in Spellcasting
  2313 | D:3      | Found Deum's Antique Armour Shop.
  2461 | D:3      | Reached XP level 5. HP: 26/28 MP: 9/15
  3285 | D:4      | Found a hazy altar of Hepliaklqana.
  3290 | D:4      | Became a worshipper of Hepliaklqana the Forgotten
  3419 | D:4      | Identified the +3 ring mail of the Game Afoot {rF+ rN+}
  3802 | D:4      | Reached XP level 6. HP: 32/32 MP: 12/17
  3858 | D:4      | Noticed a water moccasin
  3895 | D:4      | Killed a water moccasin
  4318 | D:5      | Entered Level 5 of the Dungeon
  4318 | D:5      | Noticed a water moccasin
  4325 | D:5      | Killed a water moccasin
  4444 | D:5      | Noticed Sigmund
  4477 | D:4      | Reached XP level 7. HP: 34/36 MP: 14/18
  4752 | D:5      | Killed Sigmund
  5270 | D:5      | Reached * piety under Hepliaklqana
  5331 | D:5      | Found an ornate altar of the Wu Jian Council.
  5478 | D:6      | Reached skill level 10 in Conjurations
  5548 | D:6      | Reached skill level 1 in Translocations
  5599 | D:6      | Reached XP level 8. HP: 36/36 MP: 14/19
  5868 | D:6      | Learned a level 4 spell: Iskenderun's Mystic Blast
  6394 | D:6      | Noticed Maggie
  6416 | D:6      | Killed Maggie
  6681 | D:6      | Found a basalt altar of Yredelemnul.
  6695 | D:6      | Found a shimmering blue altar of Sif Muna.
  6731 | D:6      | Reached skill level 10 in Spellcasting
  6731 | D:6      | Reached skill level 1 in Invocations
  6779 | D:6      | Reached XP level 9. HP: 40/40 MP: 18/25
  7277 | D:7      | Noticed a two-headed ogre
  7343 | D:7      | Killed a two-headed ogre
  7344 | D:7      | Reached skill level 1 in Fighting
  7483 | D:7      | Found a staircase to the Ecumenical Temple.
  7501 | D:7      | Found a flagged portal.
  7515 | Bailey   | Entered a bailey
  7515 | Bailey   | Reached ** piety under Hepliaklqana
  7529 | Bailey   | Remembered your ancestor Lydia as a knight
  7803 | Bailey   | Reached skill level 5 in Fighting
  8014 | Bailey   | Reached XP level 10. HP: 42/53 MP: 20/26
  8027 | Bailey   | Noticed a two-headed ogre
  8033 | Bailey   | Killed a two-headed ogre
  8440 | D:7      | Noticed Joseph
  8451 | D:7      | Killed Joseph
  8603 | Temple   | Entered the Ecumenical Temple
  9402 | D:3      | Bought a shiny helmet for 225 gold pieces
  9537 | D:8      | Noticed a cyclops
 10127 | D:8      | Killed a cyclops
 10332 | D:8      | Reached XP level 11. HP: 63/63 MP: 15/27
 10432 | D:8      | Found a staircase to the Lair.
 10515 | D:8      | You fall into a shaft and drop 2 floors!
 10515 | D:10     | Entered Level 10 of the Dungeon
 10907 | D:10     | Found a staircase to the Orcish Mines.
 11380 | D:10     | Found an ancient bone altar of Kikubaaqudgha.
 11543 | D:10     | Found a burning altar of Makhleb.
 11772 | D:9      | Reached skill level 1 in Evocations
 11776 | D:9      | Reached skill level 10 in Fighting
 11905 | D:9      | Noticed a two-headed ogre
 11916 | D:9      | Killed a two-headed ogre
 12190 | D:9      | Reached *** piety under Hepliaklqana
 12374 | D:9      | Identified the +0 chain mail "Fuer" {+Inv Dex+4}
 12622 | D:9      | Learned a level 5 spell: Iskenderun's Battlesphere
 13193 | D:11     | Reached skill level 5 in Evocations
 13563 | D:3      | Bought a pair of bloodstained gloves for 285 gold pieces
 13563 | D:3      | Identified the +1 pair of gloves "Reineunt" {Regen+ Str+8}
                  | (You bought it in a shop on level 3 of the Dungeon)
 13742 | D:11     | Reached skill level 3 in Dodging
 13866 | D:11     | Reached skill level 4 in Dodging
 14029 | D:11     | Noticed a boulder beetle
 14039 | D:11     | Killed a boulder beetle
 14150 | D:11     | Found a basalt altar of Yredelemnul.
 14178 | D:11     | Reached skill level 5 in Dodging
 14225 | D:11     | Reached skill level 6 in Dodging
 14506 | D:11     | Reached XP level 12. HP: 71/71 MP: 13/28
 14751 | Lair:1   | Entered Level 1 of the Lair of Beasts
 14755 | Lair:1   | Reached skill level 7 in Dodging
 14919 | Lair:1   | Reached **** piety under Hepliaklqana
 15203 | Lair:1   | You fall into a shaft and drop 1 floor!
 15270 | Lair:2   | Noticed a five-headed hydra
 15291 | Lair:2   | Noticed a five-headed hydra
 15303 | Lair:2   | Killed a five-headed hydra
 15304 | Lair:2   | Reached skill level 8 in Dodging
 15421 | Lair:2   | Noticed a seven-headed hydra
 15425 | Lair:2   | Killed a seven-headed hydra
 15513 | Lair:2   | Killed a five-headed hydra
 15574 | Lair:2   | Reached skill level 9 in Dodging
 15660 | Lair:1   | Noticed a six-headed hydra
 15736 | Lair:1   | Killed a six-headed hydra
 16191 | Lair:1   | Reached skill level 10 in Dodging
 16265 | Lair:1   | Noticed a death yak
 16721 | Lair:2   | Reached skill level 11 in Dodging
 16987 | Lair:2   | Reached skill level 1 in Shields
 17385 | Lair:1   | Killed a death yak
 17968 | Lair:1   | Reached XP level 13. HP: 77/77 MP: 17/29
 18034 | Lair:1   | Learned a level 1 spell: Apportation
 18059 | Lair:1   | Identified the ring of the Howling Jester {Fly rC+ Str-2
                  | Dex+4 SInv}
 18110 | Lair:1   | Identified the +1 dagger of Waxaus {flame, rElec MP+9}
 18670 | Lair:3   | Reached skill level 12 in Dodging
 19075 | Lair:3   | Found a hole to the Spider Nest.
 19128 | Lair:3   | Found a staircase to the Swamp.
 19248 | Lair:3   | Reached skill level 5 in Shields
 20176 | Lair:4   | Found a gate leading to a gauntlet.
 20187 | Gauntlet | Entered a Gauntlet
 20187 | Gauntlet | Found a transporter.
 20187 | Gauntlet | Found a transporter.
 20204 | Gauntlet | Found a transporter.
 20213 | Gauntlet | Found the -2 hat of the Alchemist {rElec rPois rF+ rC+ rN+
                  | Will+ rMut rCorr}
 20219 | Gauntlet | Found a transporter.
 20226 | Gauntlet | Reached ***** piety under Hepliaklqana
 20233 | Gauntlet | Found a transporter.
 20246 | Gauntlet | Found a transporter.
 20262 | Gauntlet | Found a transporter.
 20330 | Gauntlet | Found a transporter.
 20344 | Gauntlet | Found a transporter.
 20358 | Gauntlet | Found a transporter.
 20371 | Gauntlet | Found a transporter.
 20377 | Gauntlet | Noticed a cacodemon
 20388 | Gauntlet | Found a transporter.
 20455 | Gauntlet | Found a transporter.
 20465 | Gauntlet | Found a transporter.
 20499 | Gauntlet | Found a transporter.
 20509 | Gauntlet | Found a transporter.
 21243 | Gauntlet | Noticed a minotaur
 21255 | Gauntlet | Killed a minotaur
 21398 | Lair:4   | Noticed Snorg
 21938 | Lair:4   | Killed Snorg
 22613 | Lair:5   | Reached XP level 14. HP: 58/82 MP: 10/32
 23681 | Lair:6   | Entered Level 6 of the Lair of Beasts
 24169 | Lair:6   | Found a staircase to the Slime Pits.
 25374 | Lair:6   | Reached skill level 15 in Spellcasting
 26371 | Lair:6   | Identified a scroll of acquirement
 26372 | Lair:6   | Acquired a staff of conjuration
 26579 | D:11     | Learned a level 7 spell: Orb of Destruction
 26944 | D:12     | Reached skill level 15 in Conjurations
 27329 | D:12     | Reached XP level 15. HP: 66/86 MP: 23/36
 27422 | D:12     | Reached skill level 13 in Dodging
 27639 | D:12     | Noticed Azrael
 27677 | D:12     | Killed Azrael
 28295 | Orc:1    | Entered Level 1 of the Orcish Mines
 28339 | Orc:1    | Noticed Maurice
 28369 | Orc:1    | Killed Maurice
 28617 | Orc:2    | Entered Level 2 of the Orcish Mines
 28703 | Orc:2    | Noticed Sonja
 28743 | Orc:2    | Killed Sonja
 28747 | Orc:2    | Reached skill level 14 in Dodging
 28962 | Orc:2    | Found Aralaidgh's Antique Armour Shop.
 29326 | Orc:2    | Found a staircase to the Elven Halls.
 29451 | Orc:2    | Noticed Saint Roka
 29459 | Orc:2    | Killed Saint Roka
 29760 | Orc:2    | Reached skill level 15 in Dodging
 29842 | Orc:2    | Found Qefuff's Distillery.
 29927 | Orc:2    | Bought a potion of heal wounds for 60 gold pieces
 29927 | Orc:2    | Bought a potion of degeneration for 12 gold pieces
 29927 | Orc:2    | Bought a potion of lignification for 36 gold pieces
 29941 | Orc:2    | Found a radiant altar of Vehumet.
 29942 | Orc:2    | Noticed Erolcha
 29945 | Orc:2    | Killed Erolcha
 30076 | Orc:2    | Found an ancient bone altar of Kikubaaqudgha.
 30267 | Orc:2    | Found Zopsaixo's Antique Armour Emporium.
 30319 | Orc:2    | Found Tejaqinu's Antique Weapon Emporium.
 30434 | Orc:2    | Found Ugotiyv's Jewellery Emporium.
 30702 | Orc:1    | Found a runed translucent door.
 30705 | Orc:1    | Noticed math4jedi's ghost (journeyman HOFi)
 30729 | Orc:1    | Noticed an orc warlord
 30742 | Orc:1    | Killed an orc warlord
 30743 | Orc:1    | Reached skill level 16 in Dodging
 30954 | Orc:1    | Killed math4jedi's ghost
 31482 | Orc:2    | Bought a potion of brilliance for 48 gold pieces
 31501 | Orc:2    | Bought a shiny helmet for 187 gold pieces
 32568 | D:14     | Reached skill level 10 in Invocations
 32905 | D:14     | Identified the +1 cloak "Lycaoph" {rElec Str+5 Dex-5}
 32966 | D:14     | Reached skill level 17 in Dodging
 33494 | D:14     | Found a gate to the Vaults.
 33599 | D:15     | Entered Level 15 of the Dungeon
 34063 | D:15     | Reached skill level 18 in Dodging
 34151 | D:15     | Found a staircase to the Depths.
 34600 | D:15     | Found a hide-covered altar of Uskayaw.
 34628 | D:15     | Found a portal to a secret trove of treasure.
 34976 | Swamp:1  | Entered Level 1 of the Swamp
 34985 | Swamp:1  | Reached XP level 16. HP: 90/90 MP: 30/37
 35745 | Swamp:1  | Reached skill level 19 in Dodging
 37222 | Swamp:2  | Reached skill level 20 in Dodging
 37554 | Swamp:3  | Noticed Roxanne
 37806 | Swamp:3  | Killed Roxanne
 37998 | Swamp:3  | Found a runed translucent door.
 38028 | Swamp:3  | Noticed a tentacled monstrosity
 38028 | Swamp:3  | Noticed Valamore's ghost (adept GrFi)
 38030 | Swamp:3  | Identified the +4 trident "Ciustis" {vorpal, rC+ MP+9
                  | Str-5}
 39497 | Swamp:3  | Reached ****** piety under Hepliaklqana
 39889 | Swamp:4  | Entered Level 4 of the Swamp
 40600 | Swamp:4  | Reached XP level 17. HP: 98/98 MP: 23/38
 42028 | Swamp:4  | Blew themself up

Illustrated notes

Levels and vault maps discovered:
D:1:      wander_arrival_lonely_grave, layout_loops_cross,
          chequers_ecumenical_altar_simple_redux, minmay_misc_feat_pillars
D:2:      layout_loops_ring, uniq_terence, uniq_jessica
D:3:      corexii_shack_village, layout_basic, serial_shops, shop
D:4:      layout_loops_ring, nicolae_hepliaklqana_hippocampus
D:5:      layout_rooms, nicolae_wu_jian_immortal_techniques, uniq_sigmund
D:6:      layout_basic, mainiacjoe_overflow_big_doors, serial_park_tiny_2,
          minivault_11, chequers_mini_garden, uniq_maggie
D:7:      layout_basic, minmay_temple_entry_glassed_door, enter_bailey_5,
          uniq_joseph
D:8:      layout_rooms, mainiacjoe_overflow_catwalk,
          mainiacjoe_overflow_catwalk_spiral, okawaru_altar_gauntlet_db,
          erik_lair_island
D:9:      layout_irregular_city, serial_rivers, chequers_serial_rivers_micro_a,
          chequers_serial_rivers_small_3, chequers_serial_rivers_micro_d,
          chequers_serial_rivers_micro_a
D:10:     layout_roguey, makhleb_altar_promises_db,
          mainiacjoe_overflow_brackets, hiddenorc2_lemuel,
          hangedman_decor_growths
D:11:     layout_rooms, nicolae_yredelemnul_corpse_copse
D:12:     layout_basic, uniq_azrael
D:13:     layout_long_grid
D:14:     layout_rooms, ximxim_vaults_locker_room, kennysheep_cluttered_room,
          chequers_avenue
D:15:     gammafunk_enter_depths_forms, layout_loops_ring,
          nicolae_uskayaw_suspiria, enter_trove_1
Temple:   minmay_temple_forest_path
Lair:1:   dreamdust_isle_of_ice, layout_regular_city, minivault_24
Lair:2:   layout_loops_ring, chequers_serial_rivers_micro_a,
          serial_bayou_shore_b, infiniplex_staircase_pool
Lair:3:   layout_chaotic_city, minmay_swamp_entry_swarm,
          nicolae_spider_entry_tight_spaces, nicolae_quartered_pool_medium,
          beast_lair_carwin_9
Lair:4:   layout_hall_layers, gauntlet_entry_generic, uniq_snorg
Lair:5:   layout_small_grid, beast_lair_carwin_8
Lair:6:   hangedman_lair_caniforms_friends, layout_loops_ring,
          dpeg_slime_entry_corner, infiniplex_staircase_pool_2
Swamp:1:  nicolae_swamp_wrong_neighborhood, layout_basic_swamp,
          evilmike_swamp_ruin_rubble_1, swamp_pool4, water_boxes_lemuel
Swamp:2:  nicolae_swamp_ascending_descending, layout_basic_swamp,
          nicolae_swamp_treefoil, swamp_pool5
Swamp:3:  nicolae_swamp_flooded_prison, layout_basic_swamp,
          ebering_ghost_funeral_grove, nicolae_swamp_tree_isthmus, uniq_roxanne
Swamp:4:  swamp_alternative, layout_basic_swamp
Orc:1:    layout_caves, hellmonk_ghost_happy_afterlife, uniq_maurice
Orc:2:    kennysheep_orc_mage_school, layout_diamond_mine, serial_shops,
          nicolae_shop_behind_doors, uniq_sonja, uniq_saint_roka

Skill      XL: |  1  2  3  4  5  6  7  8  9 10 11 12 13 14 15 16 17 |
---------------+----------------------------------------------------+-----
Spellcasting   | 4 5 6 10 12 15 | 15.0
Conjurations   | 5 6 8 10 12 15 | 15.0
Translocations | 2 4 |  4.0
Invocations    | 2 6 11 12 | 12.0
Fighting       | 5 9 10 12 13 14 | 14.3
Evocations     | 6 9 |  9.0
Dodging        | 6 11 12 18 20 | 20.0
Shields        | 2 6 |  6.0
Stealth        | |  2.4

Action                   |  1- 3 |  4- 6 |  7- 9 | 10-12 | 13-15 | 16-18 || total
-------------------------+-------+-------+-------+-------+-------+-------++-------
Melee: Short sword       |       |     7 |     1 |     5 |       |       ||    13
       Dagger            |       |       |       |       |     9 |       ||     9
       Staff             |       |       |       |       |     2 |     3 ||     5
Throw: Dart              |       |       |       |       |     2 |       ||     2
 Cast: Magic Dart        |    37 |    64 |   128 |   403 |   379 |    47 ||  1058
       Searing Ray       |     1 |    16 |    37 |    68 |    84 |    10 ||   216
       Iskenderun's Myst |       |       |     2 |    27 |   132 |    65 ||   226
       Iskenderun's Batt |       |       |       |    32 |    53 |       ||    85
       Apportation       |       |       |       |       |     8 |       ||     8
       Orb of Destructio |       |       |       |       |    61 |   121 ||   182
Invok: Ancestor Identity |       |       |     1 |       |       |       ||     1
       Ancestor Life: Kn |       |       |     1 |       |       |       ||     1
       Recall Ancestor   |       |       |       |    14 |    12 |     5 ||    31
       Transference      |       |       |       |     1 |       |       ||     1
       Idealise          |       |       |       |     2 |     6 |       ||     8
Evoke: Wand              |       |       |       |     3 |     6 |       ||     9
       Phial of floods   |       |       |       |       |     1 |       ||     1
  Use: Scroll            |       |     3 |     4 |    14 |     9 |     1 ||    31
 Stab: Sleeping          |       |     1 |       |       |     1 |       ||     2
Armor: Robe              |       |    13 |    31 |    90 |    40 |    30 ||   204
Dodge: Dodged            |     1 |    40 |    40 |   175 |   147 |   103 ||   506
Block: Buckler           |       |     2 |     5 |    34 |       |       ||    41
       Kite shield       |       |       |       |       |    84 |    57 ||   141
       Reflection        |       |       |       |       |       |     1 ||     1
